 Dungeon Crawl Stone Soup version 0.19-a0-1589-ge51c82a (webtiles) character file.

83 FrankyJ the Conjurer (level 4, -3/24 HPs)
             Began as a Deep Elf Conjurer on Sept 16, 2016.
             Killed from afar by Sigmund (6 damage)
             ... with a puff of flame
             ... on level 2 of the Dungeon.
             The game lasted 00:07:23 (1964 turns).

FrankyJ the Conjurer (Deep Elf Conjurer)            Turns: 1964, Time: 00:07:24

Health: -3/24      AC:  2    Str:  6    XL:     4   Next: 22%
Magic:  4/11       EV: 14    Int: 20    God:
Gold:   32         SH:  0    Dex: 15    Spells: 2 memorised, 7 levels left

rFire  . . .     SeeInvis .     d - +0 dagger
rCold  . . .     Gourm    .     a - +0 robe
rNeg   . . .     Faith    .     (no shield)
rPois  .         Spirit   .     l - +0 hat
rElec  .         Dismiss  .     (no cloak)
rCorr  .         Reflect  .     (no gloves)
MR     .....     Harm     .     (no boots)
Stlth  +.........               (no amulet)
                                (no ring)
                                (no ring)

@: confused
A: no striking features
a: no special abilities


You were on level 2 of the Dungeon.
You were not hungry.

You visited 1 branch of the dungeon, and saw 2 of its levels.

You collected 32 gold pieces.

Inventory:

Hand Weapons
 d - a +0 dagger (weapon)
Armour
 a - a +0 robe (worn)
 l - a +0 hat (worn)
Scrolls
 f - 2 scrolls of random uselessness {unknown}
 h - a scroll of immolation {unknown}
 i - a scroll of blinking {unknown}
 k - 2 scrolls of remove curse {unknown}
 o - 2 scrolls of identify {unknown}
 p - a scroll of enchant weapon {unknown}
 q - a scroll of amnesia {unknown}
Potions
 e - a potion of cure mutation {unknown}
 g - a potion of haste {unknown}
 j - a potion of might {unknown}
 m - a potion of cancellation {unknown}
 n - a potion of curing {unknown}
Books
 b - a book of Conjurations

   Spells                             Type                      Level
   a - Magic Dart                     Conjuration                  1
   b - Searing Ray                    Conjuration                  2
   c - Dazzling Spray                 Conjuration/Hexes            3
   d - Fulminant Prism                Conjuration/Hexes            4
   e - Iskenderun's Mystic Blast      Conjuration                  4
   f - Iskenderun's Battlesphere      Conjuration/Charms           5
Comestibles
 c - a bread ration
 r - a chunk of flesh


   Skills:
 + Level 4.1 Dodging
 - Level 4.0 Stealth
 + Level 3.5 Spellcasting
 - Level 4.5 Conjurations


You had 7 spell levels left.
You knew the following spells:

 Your Spells              Type           Power        Failure   Level  Hunger
a - Magic Dart            Conj           ###.         2%          1    None
b - Searing Ray           Conj           ###...       3%          2    ##.....


Dungeon Overview and Level Annotations

Branches:
Dungeon (2/15)

Altars:
Hepliaklqana

Annotations:
D:2 Sigmund


Message History

Sigmund casts a spell at you. The magic dart hits you!
* * * LOW HITPOINT WARNING * * *
Unknown command.
You bump into the rock wall.
Sigmund barely misses you.
You hit Sigmund but do no damage.
Sigmund is severely wounded.
You bump into the rock wall.
Sigmund mumbles some strange words.
Sigmund flickers and vanishes!
Deactivating autopickup; reactivate with Ctrl-A.
Your magical contamination has completely faded away.
You bump into the rock wall.
You hear some strange, mumbled words.
Something tries to affect you, but you resist.
You bump into the rock wall.
You hear some strange, mumbled words.
A puff of flame appears from out of thin air!
The puff of flame hits you!
You die...

#..........รท.......
#..#############...
#..# #######..< #..#
#......... .>#
#.######## ..# #.#
#r# #.# #{# #.#
#@#######.#
#.........#
###########


You could see a quokka.

Vanquished Creatures
  Natasha (D:2)
  An adder (D:2)
  2 dart slugs
  3 leopard geckos (D:1)
  5 bats (D:1)
  4 giant cockroaches
  3 goblins
  9 hobgoblins
  3 jackals
  A ball python (D:1)
  2 frilled lizards
  2 kobolds (D:1)
  3 rats (D:1)
39 creatures vanquished.

Notes
Turn   | Place    | Note
-------+----------+-------------------------------------------
     0 | D:1      | FrankyJ the Deep Elf Conjurer began the quest for the Orb.
     0 | D:1      | Reached XP level 1. HP: 10/10 MP: 6/6
   147 | D:1      | Reached XP level 2. HP: 15/15 MP: 0/8
   279 | D:1      | Learned a level 2 spell: Searing Ray
   694 | D:1      | Reached XP level 3. HP: 19/19 MP: 4/9
  1263 | D:2      | Noticed Natasha
  1274 | D:2      | Killed Natasha
  1582 | D:2      | Reached XP level 4. HP: 24/24 MP: 4/10
  1831 | D:2      | Found a hazy altar of Hepliaklqana.
  1936 | D:2      | Noticed Sigmund
  1964 | D:2      | Killed from afar by Sigmund

Vault maps used:
D:1:      lemuel_arrival_cross, minmay_split_cup_large
D:2:      nicolae_overflow_hidden_temple, uniq_natasha, uniq_terence,
          uniq_sigmund

Skill      XL: |  1  2  3 |
---------------+----------+-----
Dodging        | 3 4 |  4.1
Stealth        | 3 4 |  4.0
Spellcasting   | |  3.5
Conjurations   | |  4.5

Action                   |  1- 3 |  4- 6 || total
-------------------------+-------+-------++-------
Melee: Unarmed           |     3 |       ||     3
       Dagger            |       |     2 ||     2
 Cast: Magic Dart        |    30 |     1 ||    31
       Searing Ray       |    17 |     6 ||    23
  Eat: Chunk             |     2 |     2 ||     4
Armor: Robe              |     4 |     1 ||     5
Dodge: Dodged            |     8 |    10 ||    18
